 Dungeon Crawl Stone Soup version 0.31-a0-986-g5e6e4ef867 (webtiles) character file.

Game seed: 9705922486870714154

72 porpoise the Vexing (level 4, 0/30 HPs)
             Began as a Demonspawn Enchanter on Nov 10, 2023.
             Slain by a gnoll
             ... wielding a +0 spear
              (2 damage)
             ... on level 2 of the Dungeon.
             The game lasted 00:05:49 (1630 turns).

porpoise the Vexing (Demonspawn Enchanter)          Turns: 1630, Time: 00:05:50

Health: 0/30       AC:  4    Str:  8    XL:     4   Next: 7%
Magic:  3/7        EV: 12    Int: 19    God:
Gold:   86         SH:  0    Dex: 13    Spells: 2/7 levels left

rFire   . . .        a - +1 dagger
rCold   + . .        (no shield)
rNeg    . . .        q - +2 robe {rC+}
rPois   .            (no helmet)
rElec   .            (no cloak)
rCorr   .            (no gloves)
SInv    .            (no boots)
Will    .....        (no amulet)
Stlth   ++           (no ring)
HPRegen 0.25/turn    (no ring)
MPRegen 0.10/turn

%: no passive effects
@: no status effects
A: weakness stinger 1
a: no special abilities


You were on level 2 of the Dungeon.
You visited 1 branch of the dungeon, and saw 2 of its levels.

You collected 86 gold pieces.

Inventory:

Hand Weapons
 a - a +1 dagger (weapon)
Missiles
 f - 5 poisoned darts
Armour
 o - a +0 robe of positive energy
 q - a +2 robe of cold resistance (worn)
 r - a +0 pair of boots
Magical Staves
 d - a staff of death
Jewellery
 g - an amulet of guardian spirit
 i - an amulet of faith
Scrolls
 e - 2 scrolls of immolation
 j - 3 scrolls of teleportation {unknown}
 k - a scroll of vulnerability {unknown}
 l - a scroll of enchant armour {unknown}
 n - 3 scrolls of identify {unknown}
 p - a scroll of revelation {unknown}
 s - a scroll of butterflies {unknown}
 u - a scroll of noise {unknown}
Potions
 b - a potion of might {unknown}
 c - 2 potions of invisibility
 h - 2 potions of degeneration {unknown}
 m - a potion of attraction {unknown}
 t - a potion of curing {unknown}


   Skills:
 + Level 2.1 Short Blades
 - Level 1.7 Dodging
 - Level 2.6 Stealth
 - Level 2.3 Spellcasting
 + Level 3.7 Hexes
 + Level 1.2 Ice Magic


You had 2 spell levels left.
You knew the following spells:

 Your Spells              Type           Power      Damage    Failure   Level
a - Confusing Touch       Hex            16%        N/A       11%         3
e - Ensorcelled Hibernat  Hex/Ice        22%        N/A       9%          2

Your spell library contained the following spells:

 Spells                   Type           Power      Damage    Failure   Level
 Tukima's Dance           Hex            16%        N/A       11%         3
 Dazzling Flash           Conj/Hex       18%        N/A       22%         3
 Haunt                    Necr/Summ      1%         N/A       100%        7
 Borgnjor's Revivificati  Necr           1%         N/A       100%        8
 Death's Door             Necr           1%         N/A       100%        9


Dungeon Overview and Level Annotations

Branches:
Dungeon (2/15)

Altars:

Shops:
D:1 (


Innate Abilities, Weirdness & Mutations

You have a small tail.


Message History

Confirm with . or Enter, or press ? or * to list all spells.
Aiming: Ensorcelled Hibernation (safe; 9% risk of failure)
Press: ? - help, Shift-Dir - straight line, f - gnoll
Aim: a gnoll, wielding a +0 spear (chance to affect: 53%)
The gnoll resists with significant effort.
The gnoll misses you.
Casting: Ensorcelled Hibernation (safe; 9% risk of failure)
Confirm with . or Enter, or press ? or * to list all spells.
Aiming: Ensorcelled Hibernation (safe; 9% risk of failure)
Press: ? - help, Shift-Dir - straight line, f/p - gnoll
Aim: a gnoll, wielding a +0 spear (chance to affect: 53%)
The gnoll looks drowsy...
A gnoll comes into view. It is wielding a +0 vampiric spear.
The gnoll closely misses you.
The gnoll shouts!
You see here a frilled lizard corpse.
The gnoll shouts!
You hit the gnoll.
Your tail-slap misses the gnoll.
The gnoll is moderately wounded.
You hear an angry hiss. x2
A ball python comes into view.
The gnoll hits you with a +0 spear! The gnoll hits you with a +0 hand axe!
You hit the gnoll but do no damage. You tail-slap the gnoll.
The gnoll is moderately wounded.
A ball python comes into view.
You hit the gnoll but do no damage.
The gnoll is moderately wounded.
A ball python comes into view.
The gnoll hits you with a +0 hand axe. The gnoll hits you with a +0 spear.
* * * LOW HITPOINT WARNING * * *
The gnoll misses you.
You hit the gnoll but do no damage. The gnoll closely misses you. x2
You hit the gnoll but do no damage.
The gnoll hits you from afar with a +0 spear!
* * * LOW HITPOINT WARNING * * *
The gnoll hits you but does no damage.
You hit the gnoll.
The gnoll is lightly wounded.
The gnoll hits you from afar with a +0 spear.
You die...

##...........#
.....
...###.....).#
.#... ####
#.......# ##.... ..
#.......# .)....
##..
#.......####...S#
#.#####...........#
# #####..##S.##..#
#...ggg....#
#.#@##...... #.#.#
..... ..#.# g...
..##.. ... .# #
...... .. ...
.####.....# .
....####.?##.......
.......##....####..
#..##......#


You could see 3 gnolls and 2 ball pythons.

Vanquished Creatures
  Jessica (D:2)
  A worm (D:2)
  3 dart slugs
  A ball python (D:2)
  7 endoplasms
  A giant cockroach (D:2)
  6 goblins
  3 hobgoblins
  2 quokkas (D:1)
  3 bats
  4 frilled lizards
  A kobold (D:2)
  A rat (D:1)
34 creatures vanquished.

Notes
Turn   | Place    | Note
-------+----------+-------------------------------------------
     0 | D:1      | porpoise the Demonspawn Enchanter began the quest for the
                  | Orb.
     0 | D:1      | Reached XP level 1. HP: 13/13 MP: 3/3
    17 | D:1      | Reached skill level 1 in Short Blades
   124 | D:1      | Found Nenonki's Weapon Shop.
   274 | D:1      | Discovered your monstrous ancestry.
   274 | D:1      | Gained mutation: You have a small tail. [demonic ancestry]
   274 | D:1      | Reached XP level 2. HP: 19/19 MP: 5/5
   360 | D:1      | Learned a level 2 spell: Ensorcelled Hibernation
   722 | D:1      | Found a faded altar of an unknown god.
  1166 | D:2      | Noticed Jessica
  1167 | D:2      | Killed Jessica
  1168 | D:2      | Reached skill level 1 in Ice Magic
  1168 | D:2      | Reached XP level 3. HP: 24/24 MP: 6/6
  1534 | D:2      | Learned a level 3 spell: Confusing Touch
  1571 | D:2      | Reached XP level 4. HP: 26/30 MP: 7/7
  1630 | D:2      | Slain by a gnoll

Illustrated notes

Levels and vault maps discovered:
D:1:      matt_arrival_grand_opening, layout_basic, serial_shops,
          nicolae_shop_hallway_plus, hellmonk_ecumenical_altar_blasted,
          palyth_stone_intersect
D:2:      layout_rooms, basic_altar, nicolae_elevator_lobby_asterisk,
          uniq_jessica

Skill      XL: |  1  2  3 |
---------------+----------+-----
Short Blades   | 1 2 |  2.1
Ice Magic      | 1 |  1.2
Dodging        | |  1.7
Stealth        | |  2.6
Spellcasting   | |  2.3
Hexes          | |  3.7

Action                     |  1- 3 |  4- 6 || total
---------------------------+-------+-------++-------
  Melee: Dagger            |   112 |    13 ||   125
         Punch             |     1 |       ||     1
         Tailslap          |     7 |     1 ||     8
   Cast: Ensorcelled Hiber |     6 |     2 ||     8
   Stab: Sleeping          |    12 |     1 ||    13
 Armour: Robe              |    45 |     9 ||    54
  Dodge: Dodged            |    37 |     8 ||    45

Table legend: (Time is in decaauts)
 A = Elapsed time spent in this place.
 B = Non-inter-level travel time spent in this place.
 C = Inter-level travel time spent in this place.
 D = Time resting spent in this place.
 E = Time spent auto-exploring this place.
 F = Levels seen in this place.
 G = Mean time per level.
                   A        B        C        D        E       F      G
               +--------+--------+--------+--------+--------+-----+--------+
         Total |   1619 |   1594 |     25 |    293 |    877 |   2 |  809.5 |
       Dungeon |   1619 |   1594 |     25 |    293 |    877 |   2 |  809.5 |
               +--------+--------+--------+--------+--------+-----+--------+

Top non-repeatable levels by time:
     D:1: 1161 daAuts
     D:2: 458 daAuts
